 Dungeon Crawl Stone Soup version 0.28.0-53-g5a82cb258f (webtiles) character file.

Game seed: 14241776010770695337

695 safid the Cleaver (level 7, -7/59 HPs)
             Began as a Hill Orc Fighter on June 1, 2022.
             Was a Follower of Beogh.
             Mangled by a wyvern (17 damage)
             ... on level 5 of the Dungeon.
             The game lasted 00:07:30 (5226 turns).

safid the Cleaver (Hill Orc Fighter)                Turns: 5226, Time: 00:07:30

Health: -7/59      AC:  7    Str: 21    XL:     7   Next: 64%
Magic:  7/7        EV:  9    Int:  8    God:    Beogh [*.....]
Gold:   187        SH:  4    Dex: 10    Spells: 6/6 levels left

rFire   . . .      SeeInvis .   a - +0 war axe
rCold   . . .      Faith    .   c - +0 buckler
rNeg    . . .      Spirit   .   b - +0 scale mail
rPois   .          Reflect  .   (no helmet)
rElec   .          Harm     .   (no cloak)
rCorr   .          Rampage  .   (no gloves)
Will    .....                   (no boots)
Stlth   ..........              (no amulet)
HPRegen 0.19/turn               (no ring)
MPRegen 0.10/turn               (no ring)

@: no status effects
A: no striking features
a: Renounce Religion


You were on level 5 of the Dungeon.
You worshipped Beogh.
Beogh was aware of your devotion.
You visited 1 branch of the dungeon, and saw 5 of its levels.

You collected 187 gold pieces.

Inventory:

Hand Weapons
 a - a +0 war axe (weapon)
Missiles
 y - a throwing net (quivered)
Armour
 b - a +0 scale mail (worn)
 c - a +0 buckler (worn)
Jewellery
 r - a +6 ring of intelligence
 D - a ring of flight
 G - a ring of positive energy
Wands
 u - a wand of digging (8)
 v - a wand of iceblast (2)
Scrolls
 g - a scroll of torment {unknown}
 j - a scroll of blinking {unknown}
 k - 2 scrolls of immolation {unknown}
 l - a scroll of brand weapon {unknown}
 n - 2 scrolls of identify {unknown}
 o - a scroll of fog {unknown}
 p - a scroll of silence {unknown}
 s - 2 scrolls of vulnerability {unknown}
 B - 2 scrolls of teleportation {unknown}
 C - a scroll of fear {unknown}
 F - a scroll of noise {unknown}
Potions
 d - 2 potions of might
 e - 2 potions of curing {unknown}
 f - a potion of mutation {unknown}
 h - a potion of lignification {unknown}
 i - 2 potions of magic {unknown}
 m - 2 potions of attraction {unknown}
 q - 4 potions of heal wounds {unknown}
 t - a potion of berserk rage {unknown}
 w - 2 potions of brilliance {unknown}
 x - a potion of resistance {unknown}
 z - a potion of invisibility {unknown}
 A - a potion of cancellation {unknown}
 E - a potion of haste {unknown}


   Skills:
 - Level 4.0 Fighting
 + Level 10.1 Axes
 - Level 4.0 Armour
 - Level 4.0 Shields


You had 6 spell levels left.
You didn't know any spells.
Your spell library contained the following spells:

 Spells                   Type           Power      Damage    Failure   Level
 Animate Skeleton         Necr           0%         N/A       83%         1
 Beastly Appendage        Tmut           0%         N/A       83%         1
 Foxfire                  Conj/Fire      0%         2x1d4     83%         1
 Pain                     Necr           0%         1d4       83%         1
 Wereblood                Tmut           0%         N/A       92%         2
 Conjure Flame            Conj/Fire      0%         6-21      99%         3
 Inner Flame              Hex/Fire       0%         N/A       99%         3
 Spider Form              Tmut/Pois      0%         N/A       99%         3
 Tukima's Dance           Hex            0%         N/A       99%         3
 Vampiric Draining        Necr           0%         2d6       99%         3
 Anguish                  Hex/Necr       0%         N/A       100%        4
 Flame Wave               Conj/Fire      0%         2d4       100%        4
 Enfeeble                 Hex            0%         N/A       100%        7


Dungeon Overview and Level Annotations

Branches:
Dungeon (5/15)             Temple (0/1) D:4

Altars:
Ashenzari
Cheibriados
Elyvilon
Fedhas
Gozag
Wu Jian
Xom
Yredelemnul

Shops:
D:2 :   D:4 (

Annotations:
D:5 3 runed translucent doors, Tiocfaidh's ghost, novice GnIE


Message History

There is a stone staircase leading up here.
Found an escape hatch in the floor.
There is an escape hatch in the floor here.
A wyvern comes into view.
A wyvern is nearby!
The wyvern hisses angrily.
You slash the wyvern!
The wyvern is moderately wounded.
The wyvern barely misses you. x2
You barely miss the wyvern.
The wyvern is moderately wounded.
The wyvern bites you!
You closely miss the wyvern.
The wyvern is moderately wounded.
The wyvern bites you! x2
You are too injured to fight recklessly!
You are too injured to fight recklessly!
You closely miss the wyvern.
The wyvern is moderately wounded.
The wyvern bites you!
* * * LOW HITPOINT WARNING * * *
You hit the wyvern.
The wyvern is heavily wounded.
The wyvern barely misses you. The wyvern closely misses you.
You closely miss the wyvern.
The wyvern is heavily wounded.
The wyvern completely misses you.
You barely miss the wyvern.
The wyvern is heavily wounded.
The wyvern bites you.
* * * LOW HITPOINT WARNING * * *
The wyvern barely misses you.
You hit the wyvern but do no damage.
The wyvern is heavily wounded.
The wyvern bites you.
* * * LOW HITPOINT WARNING * * *
You barely miss the wyvern.
The wyvern is heavily wounded.
The wyvern bites you!
You die...

..###.#
#.#...#
...##)#
#.###.#
....#.#
##....###
......#
####.#..
....###
#.#.#
...##
#.#.# ..##
#.#.# ..#
#.#.####..
#.#
#.@l......
#.#
###....$..
..#
#####..
###


You could see a wyvern.

Vanquished Creatures
  A phantom (D:4)
  A scorpion (D:5)
  A bullfrog zombie (D:4)
  2 jellies
  A hound (D:4)
  2 gnoll shamans
  Jessica (D:3)
  2 orc wizards
  Terence (D:3)
  Ijyb (D:3)
  8 gnolls
  11 adders
  An adder skeleton (D:4)
  5 dart slugs
  8 orcs
  3 endoplasms
  2 giant cockroaches
  7 goblins
  5 hobgoblins
  9 kobolds
  2 quokkas (D:3)
  5 ball pythons
  3 bats
  5 frilled lizards
  3 rats
  A butterfly (D:4)
91 creatures vanquished.

Vanquished Creatures (others)
  An endoplasm (D:2)
  A hobgoblin (D:2)
  A frilled lizard (D:2)
  A goblin (D:2)
  19 plants (D:3)
23 creatures vanquished.

Grand Total: 114 creatures vanquished

Notes
Turn   | Place    | Note
-------+----------+-------------------------------------------
     0 | D:1      | safid the Hill Orc Fighter began the quest for the Orb.
     0 | D:1      | Reached XP level 1. HP: 19/19 MP: 1/1
   251 | D:1      | Reached XP level 2. HP: 27/27 MP: 2/2
   331 | D:1      | Reached skill level 3 in Axes
   846 | D:2      | Reached XP level 3. HP: 29/33 MP: 3/3
  1145 | D:2      | Found Epsuchug's Book Emporium.
  1201 | D:2      | Became a worshipper of Beogh the Brigand
  1269 | D:2      | Reached skill level 4 in Axes
  1269 | D:2      | Reached XP level 4. HP: 39/40 MP: 4/4
  1607 | D:2      | Reached skill level 5 in Axes
  1809 | D:2      | Reached XP level 5. HP: 46/46 MP: 5/5
  2052 | D:3      | Noticed Terence
  2072 | D:3      | Killed Terence
  2423 | D:3      | Reached skill level 6 in Axes
  2551 | D:3      | Noticed Jessica
  2557 | D:3      | Killed Jessica
  2680 | D:3      | Noticed Ijyb
  2695 | D:3      | Killed Ijyb
  2696 | D:3      | Reached XP level 6. HP: 27/52 MP: 6/6
  2869 | D:3      | Found an ornate altar of the Wu Jian Council.
  2932 | D:3      | Reached skill level 7 in Axes
  3063 | D:3      | Found a basalt altar of Yredelemnul.
  3267 | D:4      | Found a staircase to the Ecumenical Temple.
  3697 | D:4      | Reached skill level 8 in Axes
  3848 | D:4      | Found a shimmering altar of Xom.
  3865 | D:4      | Found Ecaetu's Antique Weapon Emporium.
  3905 | D:4      | Reached XP level 7. HP: 38/59 MP: 7/7
  4053 | D:4      | Found a broken altar of Ashenzari.
  4191 | D:4      | Reached * piety under Beogh
  4400 | D:4      | Reached skill level 9 in Axes
  4413 | D:4      | Found a blossoming altar of Fedhas.
  4467 | D:5      | Entered Level 5 of the Dungeon
  4792 | D:5      | Found a snail-covered altar of Cheibriados.
  4834 | D:5      | Found an opulent altar of Gozag.
  4941 | D:5      | Found a runed translucent gate.
  4941 | D:5      | Found a runed translucent gate.
  4941 | D:5      | Found a runed translucent gate.
  4942 | D:5      | Found an opulent altar of Gozag.
  4972 | D:5      | Reached skill level 10 in Axes
  5154 | D:5      | Found a white marble altar of Elyvilon.
  5173 | D:5      | Noticed a wyvern
  5174 | D:5      | Noticed Tiocfaidh's ghost (novice GnIE)
  5216 | D:5      | Noticed a wyvern
  5226 | D:5      | Mangled by a wyvern

Illustrated notes

Levels and vault maps discovered:
D:1:      lemuel_arrival_cross, layout_basic
D:2:      layout_loops_ring, serial_shops, shop
D:3:      layout_loops_cross, mainiacjoe_overflow_chevrons,
          nzn_wu_jian_council_hall, uniq_terence, uniq_jessica, uniq_ijyb
D:4:      layout_loops_ring, kennysheep_mini, marbit_many_paths,
          xom_butterflies, minmay_temple_entry_wispy, serial_shops,
          shop_fountains
D:5:      layout_loops_corners, kennysheep_orc_sif_temple,
          mainiacjoe_overflow_six_doors_small, grunt_gozag_statues,
          overflow_temple_1_default, ebering_ghost_gozag

Skill      XL: |  1  2  3  4  5  6  7 |
---------------+----------------------+-----
Axes           | 3 4 5 6 8 10 | 10.1
Fighting       | 4 |  4.0
Armour         | 4 |  4.0
Shields        | 4 |  4.0

Action                   |  1- 3 |  4- 6 |  7- 9 || total
-------------------------+-------+-------+-------++-------
Melee: War axe           |    89 |   159 |    69 ||   317
Invok: Convert to Beogh  |     1 |       |       ||     1
Armor: Scale mail        |    37 |    62 |    20 ||   119
Dodge: Dodged            |    49 |    76 |    21 ||   146
Block: Buckler           |    21 |    28 |     8 ||    57
